 Dungeon Crawl Stone Soup version 0.31-a0-960-g0fca184906 (webtiles) character file.

Game seed: 603560758155216387

140 Gelion the Digger (level 5, 0/30 HPs)
             Began as a Gargoyle Earth Elementalist on Oct 24, 2023.
             Slain by an orc priest
             ... wielding a +2 war axe of freezing
              (6 damage)
             ... on level 3 of the Dungeon.
             The game lasted 00:05:43 (2079 turns).

Gelion the Digger (Gargoyle Earth Elementalist)     Turns: 2079, Time: 00:05:44

Health: 0/30       AC: 10    Str:  9 (12) XL:     5   Next: 23%
Magic:  5/9        EV: 11    Int: 15 (17) God:
Gold:   144        SH:  0    Dex:  7 (10) Spells: 9/10 levels left

rFire   . . .        k - +0 whip
rCold   . . .        (no shield)
rNeg    + . .        a - +0 robe
rPois   ∞            (no helmet)
rElec   +            (no cloak)
rCorr   .            (no gloves)
SInv    .            (no boots)
Will    .....        (no amulet)
Stlth   ++           l - +4 ring of protection
HPRegen 0.25/turn    (no ring)
MPRegen 0.11/turn

%: no passive effects
@: no status effects
A: sickness immunity, AC +4, negative energy resistance 1, electricity
resistance, torment resistance 1, petrification resistance
a: no special abilities


You were on level 3 of the Dungeon.
You visited 1 branch of the dungeon, and saw 3 of its levels.

You collected 144 gold pieces.

Inventory:

Hand Weapons
 k - a +0 whip (weapon)
Armour
 a - a +0 robe (worn)
Jewellery
 l - a +4 ring of protection (left hand)
Scrolls
 i - a scroll of identify {unknown}
 j - a scroll of blinking {unknown}
Potions
 b - a potion of magic
 c - a potion of lignification {unknown}
 d - a potion of mutation {unknown}
 e - a potion of degeneration
 f - a potion of enlightenment {unknown}
 g - a potion of brilliance {unknown}
 h - a potion of curing


   Skills:
 + Level 2.0 Fighting
 + Level 0.8 Maces & Flails
 - Level 1.5 Dodging
 - Level 2.1 Stealth
 * Level 3.3 Spellcasting
 - Level 0.7 Transmutations
 * Level 5.1 Earth Magic


You had 9 spell levels left.
You knew the following spells:

 Your Spells              Type           Power      Damage    Failure   Level
a - Sandblast             Erth           34%        2d9       2%          1

Your spell library contained the following spells:

 Spells                   Type           Power      Damage    Failure   Level
 Passwall                 Tmut/Erth      9%         N/A       9%          2
 Stone Arrow              Conj/Erth      20%        3d8       21%         3
 Poisonous Vapours        Pois/Air       4%         N/A       30%         2
 Petrify                  Tmut/Erth      11%        N/A       50%         4
 Mephitic Cloud           Conj/Pois/Air  2%         N/A       52%         3
 Brom's Barrelling Bould  Conj/Erth      10%        2d3       56%         4
 Anguish                  Hex/Necr       1%         N/A       89%         4
 Cause Fear               Hex            1%         N/A       89%         4
 Dispel Undead            Necr           2%         3d7       89%         4
 Freezing Cloud           Conj/Ice/Air   1%         6-21      99%         5
 Death Channel            Necr           1%         N/A       100%        6
 Enfeeble                 Hex            1%         N/A       100%        7
 Cigotuvi's Dreadful Rot  Necr/Pois/Air  Unusable   N/A       N/A         2

Dungeon Overview and Level Annotations

Branches:
Dungeon (3/15)

Altars:

Annotations:
D:3 3 runed translucent doors, Cadnt's ghost, amateur MiHu


Innate Abilities, Weirdness & Mutations

You are immune to sickness and miasma.
Your stone body is resilient. (AC +4)
You are immune to poison.
You resist negative energy. (rN+)
You are resistant to electric shocks. (rElec)
You are resistant to unholy torment.
You are immune to petrification.


Message History

* * * LOW HITPOINT WARNING * * *
The orc attacks as it pursues you! The orc barely misses you.
Your magical contamination has completely faded away.
The orc attacks as it pursues you! The orc hits you with a +0 hand axe.
* * * LOW HITPOINT WARNING * * *
There is an open door here.
You see here a +0 trident.
Things that are here:
a +0 dagger; a +0 dagger; a +0 robe It was a potion of degeneration.
There was something very wrong with that liquid.
You feel weakened.
You feel dopey.
You feel clumsy.
It was a potion of curing.
You feel better. The orc closely misses you.
Casting: Sandblast (safe; 2% risk of failure)
Confirm with . or Enter, or press ? or * to list all spells.
Aiming: Sandblast (safe; 2% risk of failure)
Press: ? - help, Shift-Dir - straight line, f - orc
Aim: an orc, wielding a +0 hand axe (82% to hit)
The blast of sand hits the orc!
You kill the orc!
Unknown command.
Casting: Sandblast (safe; 2% risk of failure)
Confirm with . or Enter, or press ? or * to list all spells.
Aiming: Sandblast (safe; 2% risk of failure)
Press: ? - help, Shift-Dir - straight line, f - orc priest
Aim: an orc priest, wielding a +2 war axe of freezing and wearing a +0 scale mail (84% to hit)
The blast of sand hits the orc priest but does no damage.
The orc priest mumbles some strange prayers to Beogh against you.
Beogh smites you!
* * * LOW HITPOINT WARNING * * *
Casting: Sandblast (safe; 2% risk of failure)
Confirm with . or Enter, or press ? or * to list all spells.
Aiming: Sandblast (safe; 2% risk of failure)
Press: ? - help, Shift-Dir - straight line, f/p - orc priest
Aim: an orc priest, wielding a +2 war axe of freezing and wearing a +0 scale mail (84% to hit)
The blast of sand hits the orc priest.
The orc priest is lightly wounded.
The orc priest looks satisfied for a moment.
The orc priest hits you with a +2 war axe of freezing.
You die...

#...#.......# ...
###.........##...
+...........''...
####.....)..#
##..†##...#
#.........#
#....#....# +
#.†..#.#### ..
#....#@# ####. ...
######o#...... ....
#.o....# .....
#.o....#
.....o#######......#
.....oo....oo...>..#
##.##.o..o..#......#
#.#####.$......# #..
#........#


You could see 2 orc priests and 2 orcs.

Vanquished Creatures
  An orc priest (D:3)
  An orc wizard (D:3)
  4 adders
  A dart slug (D:2)
  4 orcs (D:3)
  4 ball pythons
  4 bats
  2 endoplasms
  A giant cockroach (D:2)
  5 goblins
  3 hobgoblins
  3 jackals (D:3)
  4 kobolds
  3 frilled lizards
  5 rats
45 creatures vanquished.

Notes
Turn   | Place    | Note
-------+----------+-------------------------------------------
     0 | D:1      | Gelion the Gargoyle Earth Elementalist began the quest for
                  | the Orb.
     0 | D:1      | Reached XP level 1. HP: 10/10 MP: 3/3
   138 | D:1      | Reached XP level 2. HP: 8/16 MP: 0/5
   161 | D:1      | Reached skill level 4 in Earth Magic
   706 | D:2      | Reached skill level 1 in Fighting
   706 | D:2      | Reached XP level 3. HP: 20/20 MP: 1/6
  1339 | D:2      | Reached XP level 4. HP: 25/25 MP: 6/8
  1871 | D:3      | Found a runed translucent gate.
  1871 | D:3      | Found a runed translucent gate.
  1871 | D:3      | Found a runed translucent gate.
  1872 | D:3      | Noticed Cadnt's ghost (amateur MiHu)
  1874 | D:3      | Noticed an ogre
  1977 | D:3      | Reached skill level 5 in Earth Magic
  1977 | D:3      | Reached XP level 5. HP: 29/30 MP: 2/9
  2079 | D:3      | Slain by an orc priest

Illustrated notes

Levels and vault maps discovered:
D:1:      minmay_arrival_semitransparent, layout_rooms
D:2:      layout_basic, roderic_st_hans_cross, chequers_big_river
D:3:      layout_basic, gammafunk_ghost_split, minmay_distorted

Skill      XL: |  1  2  3  4  5 |
---------------+----------------+-----
Earth Magic    | 4 5 |  5.1
Fighting       | 1 2 |  2.0
Spellcasting   | 3 |  3.3
Maces & Flails | |  0.8
Dodging        | |  1.5
Stealth        | |  2.1
Transmutations | |  0.7

Action                     |  1- 3 |  4- 6 || total
---------------------------+-------+-------++-------
  Melee: Unarmed           |    22 |       ||    22
         Punch             |     1 |       ||     1
         Whip              |       |     1 ||     1
   Cast: Sandblast         |    41 |    22 ||    63
    Use: Potion            |       |     2 ||     2
 Armour: Robe              |    27 |    12 ||    39
  Dodge: Dodged            |    31 |    12 ||    43

Table legend: (Time is in decaauts)
 A = Elapsed time spent in this place.
 B = Non-inter-level travel time spent in this place.
 C = Inter-level travel time spent in this place.
 D = Time resting spent in this place.
 E = Time spent auto-exploring this place.
 F = Levels seen in this place.
 G = Mean time per level.
                   A        B        C        D        E       F      G
               +--------+--------+--------+--------+--------+-----+--------+
         Total |   2124 |   1959 |    165 |      0 |   1632 |   3 |  708.0 |
       Dungeon |   2124 |   1959 |    165 |      0 |   1632 |   3 |  708.0 |
               +--------+--------+--------+--------+--------+-----+--------+

Top non-repeatable levels by time:
     D:2: 1097 daAuts
     D:1: 660 daAuts
     D:3: 365 daAuts
